Map: World of Sleepers LE

Players

pHARM

  • Race: Zerg Zerg
  • League: Platinum
  • Spawn Location: 1:00

MrMichaelz - Winner!

  • Race: Protoss Protoss
  • League: Platinum
  • Spawn Location: 7:00

VOD

Have the link to the VOD?

Description

Time

  • Played on: Aug. 30, 2019, 10:48 p.m.
  • Length: 18:59
Show
View Real Time Build Order
Export as new Build Order

pHARM Zerg 

Build Orders: Hatch First, Brood Lord Corruptor 

Get SALT Encoding   

  12  0:00  Drone  
  13  0:13  Overlord  
  13  0:17  Drone  
  14  0:31  Drone x2  
  16  0:40  Drone  
  17  0:59  Drone x2  
  17  1:00  Hatchery  
  18  1:13  Spawning Pool  
  17  1:20  Drone  
  17  1:22  Drone  
  19  1:29  Drone  
  20  1:37  Extractor  
  19  1:50  Drone  
  20  1:57  Overlord  
  20  2:08  Queen  
  20  2:15  Drone x3  
  23  2:17  Queen  
  27  2:25  Drone x2  
  29  2:33  Drone x2  
  31  2:50  Drone x2  
  33  2:54  Metabolic Boost  
  33  2:58  Queen  
  33  3:00  Drone  
  36  3:08  Overlord x2  
  36  3:20  Hatchery  
  36  3:23  Pneumatized Carapace  
  36  3:25  Drone  
  36  3:26  Drone x2  
  38  3:32  Drone x5  
  43  3:55  Drone  
  43  3:56  Drone x3  
  43  3:58  Spore Crawler  
  46  4:09  Spore Crawler  
  45  4:11  Lair  
  45  4:12  Overlord x2  
  45  4:17  Extractor  
  45  4:19  Extractor  
  43  4:25  Drone  
  44  4:32  Drone x2  
  44  4:33  Drone x3  
  49  4:48  Drone x8  
  57  4:55  Overlord  
  57  5:24  Evolution Chamber  
  57  5:25  Evolution Chamber  
  57  5:26  Overlord x3  
  57  5:27  Overlord x3  
  57  5:28  Hydralisk Den  
  54  5:30  Extractor, Drone x4  
  54  5:31  Extractor, Drone  
  57  5:43  Drone  
  57  5:45  Overlord x2  
  58  6:01  Zerg Ground Armor Level 1, Zerg Missile Weapons Level 1  
  58  6:02  Grooved Spines  
  58  6:18  Zergling x16  
  59  6:19  Zergling x8  
  59  6:25  Spore Crawler, Hydralisk  
  69  6:26  Hydralisk x5  
  70  6:48  Drone x8  
  77  6:55  Drone  
  77  6:56  Drone x6  
  84  7:06  Hydralisk  
  84  7:07  Hydralisk x4  
  94  7:13  Muscular Augments  
  87  7:39  Spire  
  81  7:57  Zerg Ground Armor Level 2, Zerg Missile Weapons Level 2  
  81  8:11  Hydralisk x7  
  95  8:13  Zergling x4  
  95  8:14  Zergling x6, Hatchery  
  99  8:20  Unknown  
  99  8:22  Queen x2  
  99  8:23  Queen  
  104  8:42  Extractor  
  103  8:51  Zerg Flyer Armor Level 1  
  103  8:57  Drone x11  
  114  9:06  Overlord x2  
  114  9:07  Overlord x3  
  114  9:24  Queen  
  114  9:31  Corruptor x8  
  132  9:57  Hatchery  
  132  9:58  Infestation Pit  
  130  10:08  Overlord x4  
  130  10:11  Corruptor x9  
  148  10:36  Drone  
  148  10:37  Drone x3  
  152  10:48  Hive  
  152  10:57  Drone  
  152  10:58  Drone x8  
  156  11:23  Drone x3  
  159  11:41  Zerg Melee Weapons Level 1  
  157  12:27  Greater Spire  
  157  12:29  Overlord x2  
  157  12:36  Zerg Ground Armor Level 3  
  155  13:40  Brood Lord x9  
  155  13:41  Brood Lord x8  
  189  13:42  Corruptor x5  
  189  13:43  Hatchery  
  169  15:08  Hydralisk x4  
  169  15:09  Hydralisk x18  
  169  15:10  Hydralisk x2  
  169  15:11  Hydralisk x2  
  143  15:34  Corruptor x19  
  173  15:55  Corruptor x5  
  183  16:04  Extractor  
  183  16:08  Extractor  
  181  16:25  Extractor  
  181  16:28  Extractor  
  156  17:29  Hydralisk x22  
  174  17:33  Overseer  
  174  17:34  Overseer x15  
  182  18:15  Hydralisk  
  182  18:16  Hydralisk x16  
Show
View Real Time Build Order
Export as new Build Order

MrMichaelz Protoss - Winner!

Build Orders: Phoenix Opening, Carriers 

Get SALT Encoding   

  12  0:01  Probe  
  13  0:13  Probe  
  14  0:22  Pylon  
  14  0:25  Probe  
  15  0:37  Probe  
  16  0:45  Probe  
  16  0:49  Gateway  
  17  0:55  Probe  
  17  1:01  Assimilator  
  18  1:05  Probe  
  19  1:13  Probe  
  20  1:21  Probe  
  20  1:23  Assimilator  
  21  1:33  Probe  
  21  1:39  Cybernetics Core  
  22  1:45  Probe  
  23  1:53  Nexus  
  23  2:02  Pylon  
  23  2:20  Probe, Adept  
  26  2:25  Stargate  
  26  2:32  Probe  
  27  2:44  Probe  
  27  2:47  Pylon  
  28  2:55  Probe  
  28  2:56  Adept  
  31  3:02  Probe  
  31  3:03  Probe, Robotics Facility  
  31  3:10  Probe  
  31  3:11  Probe  
  33  3:16  Phoenix  
  37  3:21  Probe  
  37  3:22  Probe  
  39  3:32  Adept  
  41  3:40  Phoenix  
  42  3:45  Probe x2  
  44  3:50  Immortal  
  48  3:57  Probe x2  
  50  4:04  Assimilator  
  50  4:06  Assimilator  
  50  4:09  Probe x2  
  52  4:11  Pylon  
  52  4:14  Phoenix  
  54  4:29  Probe x2  
  56  4:39  Phoenix  
  56  4:41  Probe x2  
  60  4:53  Probe x2  
  62  5:10  Pylon  
  62  5:12  Pylon  
  62  5:24  Pylon  
  62  5:27  Pylon  
  62  5:28  Immortal, Probe x2, Phoenix  
  70  5:31  Robotics Bay  
  70  5:38  Robotics Facility  
  70  5:40  Probe x2  
  72  5:52  Probe, Nexus  
  72  5:53  Phoenix  
  72  5:56  Pylon  
  75  5:59  Pylon  
  75  6:10  Immortal  
  79  6:16  Pylon  
  79  6:19  Forge  
  79  6:20  Forge  
  79  6:51  Colossus x2  
  91  7:00  Shield Battery  
  91  7:02  Shield Battery  
  91  7:04  Photon Cannon  
  91  7:06  Photon Cannon  
  91  7:09  Photon Cannon  
  91  7:15  Photon Cannon  
  91  7:23  Photon Cannon  
  91  7:29  Pylon  
  87  7:55  Colossus  
  87  7:56  Colossus  
  99  8:02  Probe x2  
  99  8:03  Probe  
  102  8:07  Protoss Ground Armor Level 1, Protoss Ground Weapons Level 1  
  102  8:14  Probe x2  
  102  8:15  Probe  
  105  8:26  Probe x2  
  108  8:27  Probe  
  108  8:29  Assimilator  
  108  8:33  Assimilator  
  108  8:36  Shield Battery  
  108  8:38  Probe  
  108  8:39  Pylon  
  109  8:42  Pylon  
  109  8:46  Probe  
  109  8:47  Probe  
  111  8:49  Colossus x2  
  111  8:50  Probe, Robotics Facility  
  124  8:58  Probe  
  124  8:59  Probe  
  124  9:03  Probe  
  125  9:14  Stargate  
  125  9:15  Stargate  
  125  9:31  Nexus  
  125  9:34  Pylon  
  125  9:36  Pylon  
  125  9:41  Void Ray  
  125  9:42  Colossus  
  135  9:46  Immortal  
  135  9:51  Immortal  
  143  9:55  Extended Thermal Lance  
  143  10:02  Unknown  
  143  10:03  Shield Battery  
  143  10:04  Shield Battery  
  143  10:07  Shield Battery  
  143  10:09  Shield Battery  
  143  10:11  Void Ray  
  143  10:13  Void Ray  
  151  10:14  Photon Cannon  
  151  10:15  Protoss Shields Level 1  
  151  10:16  Photon Cannon  
  151  10:29  Twilight Council  
  151  10:37  Pylon  
  151  10:40  Pylon  
  151  10:44  Pylon, Protoss Air Weapons Level 1  
  151  10:59  Void Ray x2  
  151  11:03  Void Ray  
  159  11:35  Gravitic Boosters  
  159  11:36  Void Ray  
  159  11:38  Void Ray x2  
  159  11:39  Stargate  
  159  11:41  Stargate  
  171  11:50  Fleet Beacon  
  171  11:57  Protoss Ground Weapons Level 2  
  171  12:14  Void Ray  
  171  12:15  Void Ray  
  171  12:18  Void Ray  
  171  12:20  Protoss Ground Armor Level 2  
  183  12:51  Protoss Air Weapons Level 2  
  183  12:53  Mothership  
  191  13:14  Observer x2  
  193  13:21  Observer  
  194  13:40  Pylon  
  194  13:42  Pylon  
  189  14:03  Pylon  
  189  14:04  Pylon  
  187  14:12  Nexus  
  186  14:32  Protoss Ground Weapons Level 3  
  186  14:34  Carrier x2  
  198  14:44  Photon Cannon  
  196  14:47  Photon Cannon  
  196  14:49  Photon Cannon  
  196  14:52  Photon Cannon  
  184  14:55  Photon Cannon  
  184  14:57  Pylon  
  184  14:59  Pylon  
  144  15:22  Carrier x3  
  162  15:31  Carrier  
  162  15:33  Carrier  
  168  15:49  Assimilator  
  168  15:53  Pylon  
  168  15:58  Pylon  
  168  16:01  Pylon  
  168  16:07  Protoss Shields Level 2  
  168  16:10  Assimilator  
  168  16:12  Pylon x2  
  168  16:19  Carrier x2  
  168  16:21  Carrier  
  186  16:33  Carrier  
  192  16:44  Photon Cannon  
  192  16:46  Photon Cannon  
  192  17:20  Nexus  
  192  17:28  Assimilator  
  192  17:29  Pylon  
  192  17:31  Pylon  
  192  17:42  Pylon  
  192  17:44  Pylon  
  192  17:55  Nexus  
  192  17:58  Pylon  
  192  18:00  Pylon  
  192  18:03  Pylon  
Tags
 
Add a new tag
Caveats
  • Supply blocks, unpowered buildings, or Contaminate may cause inaccurate times.
  • Supply counts are checked every 10 seconds.